 Dungeon Crawl Stone Soup version 0.24.0-123-gd5b16e6ec5 (webtiles) character file.

Game seed: 7105581928187472692, levelgen mode: deterministic

70 AuftragZ the Conjurer (level 4, -1/24 HPs)
             Began as a Deep Elf Conjurer on Jan 24, 2020.
             Slain by an orc
             ... wielding a +0 flail
              (7 damage)
             ... on level 3 of the Dungeon.
             The game lasted 00:07:26 (1870 turns).

AuftragZ the Conjurer (Deep Elf Conjurer)           Turns: 1870, Time: 00:07:27

Health: -1/24      AC:  3    Str:  4 (5)  XL:     4   Next: 3%
Magic:  0/11       EV: 13    Int: 20 (21) God:
Gold:   135        SH:  0    Dex: 17 (19) Spells: 7/10 levels left

rFire    . . .     SeeInvis .   (no weapon)
rCold    . . .     Gourm    .   (no shield)
rNeg     . . .     Faith    .   a - +0 robe
rPois    .         Spirit   .   (no helmet)
rElec    .         Reflect  .   (no cloak)
rCorr    .         Harm     .   f - +0 pair of gloves (curse)
MR       .....     Rnd*Tele +   (no boots)
Stlth    ++........             (no amulet)
HPRegen  0.08/turn              i - +4 ring of dexterity
MPRegen  0.12/turn              j - ring of teleportation (curse)

@: no status effects
A: no striking features
a: no special abilities


You were on level 3 of the Dungeon.
You were not hungry.

You visited 1 branch of the dungeon, and saw 3 of its levels.

You collected 135 gold pieces.

Inventory:

Missiles
 e - 7 poisoned darts (quivered)
Armour
 a - a +0 robe (worn)
 f - a cursed +0 pair of gloves (worn)
Jewellery
 i - a +4 ring of dexterity (left hand)
 j - a cursed ring of teleportation (right hand)
Potions
 b - a potion of flight
 d - a potion of invisibility
Comestibles
 c - 6 rations


   Skills:
 - Level 2.5 Dodging
 - Level 2.6 Stealth
 * Level 3.9 Spellcasting
 + Level 5.6 Conjurations


You had 7 spell levels left.
You knew the following spells:

 Your Spells              Type           Power        Failure   Level  Hunger
a - Magic Dart            Conj           ####         1%          1    None
b - Searing Ray           Conj           ####..       1%          2    ##.....

Your spell library contained the following spells:

 Spells                   Type           Power        Failure   Level  Hunger
 Dazzling Spray           Conj/Hex       ###...       12%         3    ###....
 Iskenderun's Mystic Bla  Conj           ####....     13%         4    ####...
 Force Lance              Conj/Tloc      ###.....     38%         4    ####...
 Fulminant Prism          Conj/Hex       ###.......   38%         4    ####...


Dungeon Overview and Level Annotations

Branches:
Dungeon (3/15)

Altars:
Dithmenos


Message History

(Press . to maintain the ray.)
The orc hits you with a +0 dagger. The orc barely misses you.
Without enough magic to sustain it, your searing ray dissipates.
The orc hits you but does no damage.
Casting: Searing Ray (safe; 1% risk of failure)
Confirm with . or Enter, or press ? or * to list all spells.
Aiming: Magic Dart (safe; 1% risk of failure)
Press: ? - help, Shift-Dir - straight line, f - orc, p - orc
Aim: an orc, wielding a +0 club (heavily wounded)
The magic dart hits the orc.
The orc is heavily wounded.
You hit the orc.
The orc is almost dead.
The orc closely misses you. The orc hits you with a +0 club.
You hit the orc.
You kill the orc!
You barely miss the orc. The orc hits you with a +0 dagger.
* * * LOW HITPOINT WARNING * * *
You closely miss the orc. The orc hits you with a +0 flail!
You die...

.# ## .#
#. .# #[
.# #. .#
#. .# #.
##o######
#.
#@o......
+.
#########
####.
####....
#.....##
#.....#
#.....#
#.....##
#..†..##
#..)..##


You could see 2 orcs.

Vanquished Creatures
  An orc priest (D:3)
  A leopard gecko (D:1)
  2 orcs (D:3)
  2 giant cockroaches
  6 hobgoblins
  9 kobolds
  5 bats
  2 frilled lizards (D:1)
  4 goblins
  3 rats
35 creatures vanquished.

Notes
Turn   | Place    | Note
-------+----------+-------------------------------------------
     0 | D:1      | AuftragZ the Deep Elf Conjurer began the quest for the Orb.
     0 | D:1      | Reached XP level 1. HP: 10/10 MP: 6/6
   211 | D:1      | Reached XP level 2. HP: 15/15 MP: 6/8
   313 | D:1      | Learned a level 2 spell: Searing Ray
   540 | D:1      | Reached skill level 5 in Conjurations
  1048 | D:2      | Reached XP level 3. HP: 19/19 MP: 6/9
  1765 | D:3      | Found a shadowy altar of Dithmenos.
  1862 | D:3      | Reached XP level 4. HP: 15/24 MP: 3/11
  1870 | D:3      | Slain by an orc

Levels and vault maps discovered:
D:1:      evilmike_arrival_crescent, layout_rooms
D:2:      layout_basic
D:3:      layout_basic, chequers_serial_rivers_micro_d,
          grunt_dithmenos_smoke_and_mirrors

Skill      XL: |  1  2 |
---------------+-------+-----
Conjurations   | 5 |  5.6
Dodging        | |  2.5
Stealth        | |  2.6
Spellcasting   | |  3.9

Action                   |  1- 3 |  4- 6 || total
-------------------------+-------+-------++-------
Melee: Unarmed           |       |     5 ||     5
 Cast: Magic Dart        |    58 |     1 ||    59
       Searing Ray       |     6 |     1 ||     7
  Use: Potion            |     6 |       ||     6
       Scroll            |     6 |       ||     6
  Eat: Ration            |     1 |       ||     1
       Chunk             |     1 |       ||     1
Armor: Robe              |     2 |       ||     2
Dodge: Dodged            |     3 |     3 ||     6
